 Dungeon Crawl Stone Soup version 0.28-b1-1-g3c77fb2ed1 (webtiles) character file.

Game seed: 2776605624691882891

67 H0rd4k the Magician (level 4, -1/24 HPs)
             Began as a Deep Elf Hedge Wizard on Jan 27, 2022.
             Killed by divine providence
             ... invoked by an orc priest
              (15 damage)
             ... on level 3 of the Dungeon.
             The game lasted 00:02:51 (2356 turns).

H0rd4k the Magician (Deep Elf Hedge Wizard)         Turns: 2356, Time: 00:02:52

Health: -1/24      AC:  2    Str:  7    XL:     4   Next: 0%
Magic:  1/13       EV: 12    Int: 21    God:
Gold:   20         SH:  0    Dex: 14    Spells: 11/14 levels left

rFire   . . .      SeeInvis .   a - +0 dagger
rCold   + + .      Faith    .   (no shield)
rNeg    . . .      Spirit   .   b - +0 robe
rPois   +          Reflect  .   c - +0 hat
rElec   +          Harm     .   (no cloak)
rCorr   +          Rampage  .   (no gloves)
Will    .....                   (no boots)
Stlth   ++........              (no amulet)
HPRegen 0.08/turn               e - ring of ice
MPRegen 0.13/turn               (no ring)

@: resistant
A: no striking features
a: no special abilities


You were on level 3 of the Dungeon.
You visited 1 branch of the dungeon, and saw 4 of its levels.

You collected 20 gold pieces.

Inventory:

Hand Weapons
 a - a +0 dagger (weapon)
Armour
 b - a +0 robe (worn)
 c - a +0 hat (worn)
Jewellery
 e - a ring of ice (left hand)
Scrolls
 d - a scroll of enchant weapon {unknown}
 f - a scroll of identify
 h - a scroll of immolation {unknown}
 i - 2 scrolls of fog {unknown}
Potions
 j - a potion of brilliance


   Skills:
 + Level 0.1 Fighting
 + Level 2.6 Dodging
 + Level 2.9 Stealth
 + Level 5.9 Spellcasting
 + Level 2.2 Conjurations
 + Level 1.1 Summonings
 + Level 1.1 Translocations


You had 11 spell levels left.
You knew the following spells:

 Your Spells              Type           Power      Damage    Failure   Level
a - Magic Dart            Conj           60%        1d6       4%          1
b - Blink                 Tloc           20%        N/A       10%         2

Your spell library contained the following spells:

 Spells                   Type           Power      Damage    Failure   Level
 Slow                     Hex            24%        N/A       10%         1
 Call Imp                 Summ           10%        N/A       10%         2
 Conjure Flame            Conj/Fire      10%        6-21      19%         3
 Mephitic Cloud           Conj/Pois/Air  9%         N/A       22%         3


Dungeon Overview and Level Annotations

Branches:
Dungeon (4/15)
 Temple: D:4-7

Altars:
Ashenzari

Annotations:
D:4 exclusion: upstairs


Message History

The orc priest is heavily wounded.
The orc priest hits you but does no damage.
The magic dart hits the orc priest but does no damage.
The orc priest is heavily wounded.
The orc priest hits you with a +0 flail!
The magic dart hits the orc priest but does no damage.
The orc priest is heavily wounded.
The orc priest hits you with a +0 flail.
The magic dart hits the orc priest but does no damage.
The orc priest is heavily wounded.
The orc priest closely misses you.
The magic dart hits the orc priest but does no damage.
The orc priest is heavily wounded.
The orc priest barely misses you.
The magic dart hits the orc priest but does no damage.
The orc priest is heavily wounded.
The orc priest closely misses you.
The magic dart hits the orc priest.
The orc priest is heavily wounded.
The orc priest closely misses you.
The magic dart hits the orc priest but does no damage.
The orc priest is heavily wounded.
The orc priest mumbles some strange prayers to Beogh against you.
Beogh smites you!
* * * LOW HITPOINT WARNING * * *
You are too injured to fight recklessly!
It was a potion of resistance.
You feel protected. The orc priest completely misses you.
Your magical contamination has completely faded away.
It was a potion of curing.
You feel better. The orc priest closely misses you.
You aren't carrying any items that you can evoke.
Unknown command.
As you read the scroll labelled KYNIAFFYDINUR, it crumbles to dust.
It is a scroll of identify.
j - a potion of brilliance The orc priest invokes the aid of Beogh against you.
Beogh smites you!
Ouch! That really hurt!
You die...

#.. .#...)o #.#
..... ..
##.#####o.#.# #.##
# >..o.J.o..#..
...# ..#######
.#.##.##......#..#
.......>.
.#.##.........#..#
.########
.#...............#
.#.#####.##....o.#
#........#
#####@####
#.######.# #....#
#.# .# ####.# ..#
#.# ### #####.## #
#......# #.###..#
# #.##...# ##
#.##.#.#


You could see an orc priest.

Vanquished Creatures
  A hound (D:4)
  A dart slug (D:2)
  3 orcs (D:3)
  3 endoplasms
  4 giant cockroaches
  A goblin (D:2)
  A hobgoblin (D:2)
  3 kobolds
  A quokka (D:2)
  6 ball pythons
  2 bats (D:2)
  3 frilled lizards (D:2)
  2 rats (D:2)
31 creatures vanquished.

Notes
Turn   | Place    | Note
-------+----------+-------------------------------------------
     0 | D:1      | H0rd4k the Deep Elf Hedge Wizard began the quest for the
                  | Orb.
     0 | D:1      | Reached XP level 1. HP: 10/10 MP: 7/7
    11 | D:1      | You fall into a shaft and drop 1 floor!
   523 | D:2      | Reached skill level 5 in Spellcasting
   523 | D:2      | Reached XP level 2. HP: 15/15 MP: 5/10
   784 | D:2      | Learned a level 2 spell: Blink
  1379 | D:3      | Found a faded altar of an unknown god.
  1511 | D:4      | Reached XP level 3. HP: 5/19 MP: 1/12
  2105 | D:3      | Reached XP level 4. HP: 24/24 MP: 10/13
  2172 | D:3      | Found a broken altar of Ashenzari.
  2356 | D:3      | Killed from afar by an orc priest

Illustrated notes

Levels and vault maps discovered:
D:1:      minmay_arrival_solitary_statue, layout_basic, serial_forest,
          infiniplex_forest_clump_long, infiniplex_forest_clump_small,
          infiniplex_forest_clump_long, infiniplex_forest_zigzag_2,
          infiniplex_forest_clump_diagonal, infiniplex_forest_end_1,
          supply_closet_lemuel, minmay_surrounded
D:2:      layout_loops_ring
D:3:      layout_loops_cross, lemuel_tele_altar, ebering_ecumenical_altar_hall,
          minmay_fountain_box
D:4:      layout_cave_pools, nicolae_vehumet_radiance

Skill      XL: |  1  2  3 |
---------------+----------+-----
Spellcasting   | 5 |  5.9
Conjurations   | 2 |  2.2
Fighting       | |  0.1
Dodging        | |  2.6
Stealth        | |  2.9
Summonings     | |  1.1
Translocations | |  1.1

Action                   |  1- 3 |  4- 6 || total
-------------------------+-------+-------++-------
Melee: Dagger            |     1 |       ||     1
 Cast: Magic Dart        |   108 |    15 ||   123
  Use: Potion            |       |     2 ||     2
       Scroll            |       |     1 ||     1
Armor: Robe              |     3 |     1 ||     4
Dodge: Dodged            |    15 |     8 ||    23
